 Dungeon Crawl Stone Soup version 0.30.1-4-g462c640d31 (webtiles) character file.

Game seed: 2935933067703624294

70 monsoonserge the Trooper (level 4, -2/36 HPs)
             Began as a Demonspawn Monk on Sept 13, 2023.
             Slain by a gnoll
             ... wielding a +0 whip
              (4 damage)
             ... on level 2 of the Dungeon.
             The game lasted 00:04:28 (1380 turns).

monsoonserge the Trooper (Demonspawn Monk)          Turns: 1380, Time: 00:04:29

Health: -2/36      AC:  2    Str: 11    XL:     4   Next: 3%
Magic:  4/4        EV: 14    Int: 11    God:
Gold:   88         SH:  0    Dex: 24    Spells: 3/3 levels left

rFire   . . .        a - +0 falchion
rCold   . . .        d - orb {light}
rNeg    . . .        b - +0 robe
rPois   .            (no helmet)
rElec   .            (no cloak)
rCorr   .            (no gloves)
SInv    .            (no boots)
Will    .....        (no amulet)
Stlth   +            g - +6 ring of dexterity
HPRegen 0.26/turn    (no ring)
MPRegen 0.09/turn

%: no passive effects
@: glowing
A: foul stench 1, powered by death 1, demonic touch 1
a: no special abilities


You were on level 2 of the Dungeon.
You visited 1 branch of the dungeon, and saw 2 of its levels.

You collected 88 gold pieces.

Inventory:

Hand Weapons
 a - a +0 falchion (weapon)
 j - a +0 short sword
Armour
 b - a +0 robe (worn)
 d - an orb of light (worn)
Magical Staves
 k - a staff of air
Jewellery
 g - a +6 ring of dexterity (left hand)
Scrolls
 h - a scroll of identify {unknown}
 i - 2 scrolls of vulnerability {unknown}
 l - a scroll of fear {unknown}
 n - a scroll of teleportation {unknown}
 o - a scroll of enchant armour {unknown}
Potions
 c - a potion of ambrosia
 e - a potion of heal wounds {unknown}
 f - a potion of degeneration {unknown}
 m - 2 potions of flight {unknown}


   Skills:
 + Level 3.6 Fighting
 + Level 3.5 Long Blades
 + Level 3.2 Dodging
 + Level 0.1 Stealth


You had 3 spell levels left.
You didn't know any spells.
Your spell library was empty.

Dungeon Overview and Level Annotations

Branches:
Dungeon (2/15)

Altars:


Innate Abilities, Weirdness & Mutations

You may rarely emit foul miasma when damaged in melee.
You regenerate a little health from kills.
Your touch may inflict minor irresistible damage on your foes.


Message History

You now have 88 gold pieces (gained 6).
There are monsters nearby!
The gnoll hits you with a +0 club.
You emit a cloud of foul miasma!
The gnoll closely misses you.
You slash the gnoll!
The gnoll is severely wounded.
The gnoll is engulfed in dark miasma.
The gnoll is poisoned.
The gnoll seems to slow down.
The gnoll hits you with a +0 club. The gnoll closely misses you.
You hit the gnoll.
The gnoll is almost dead.
The gnoll is no longer moving slowly.
The gnoll hits you with a +0 club!
The gnoll is engulfed in dark miasma.
The gnoll looks even sicker.
The gnoll misses you.
You hit the gnoll.
You kill the gnoll!
The gnoll is engulfed in dark miasma.
The gnoll looks even sicker.
You kill the gnoll!
You have reached level 4!
You feel agile.
Your demonic ancestry asserts itself...
Your hands begin to faintly glow with unholy energy.
The gnoll barely misses you.
Things that are here:
a +0 club; a gnoll corpse You barely miss the gnoll.
The gnoll hits you with a +0 whip!
You slash the gnoll!
The gnoll is heavily wounded.
The gnoll hits you with a +0 whip.
You hit the gnoll.
The gnoll is severely wounded.
The gnoll hits you with a +0 whip.
* * * LOW HITPOINT WARNING * * *
You hit the gnoll but do no damage.
The gnoll is severely wounded.
The gnoll closely misses you. The gnoll hits you with a +0 whip.
* * * LOW HITPOINT WARNING * * *
You hit the gnoll but do no damage.
The gnoll is severely wounded.
The gnoll hits you with a +0 whip.
You die...

##.....##### #.##.#
#.....รท.#### #.##.#
...........# #.##.#
#.......##.# #.##.#
.......###.# #.##.#####
.##....###.##########........#
.###<....................###.#
.# ##..###.############### #.#
.# #..# #.# #..@g...... #.# .#
#..###.###)######### #.# .#
#..............# #.# .#
#..###.###.###.# #.# .# #..#
#.# #.# #.# #.# ##
#..###.###.###.### #.##.#
#................# #.##.#
#..###.###.###.#.# #.##.#
#........#.# #.#.# #.##.#


You could see a gnoll.

Vanquished Creatures
  2 gnolls (D:2)
  An adder (D:2)
  A worm (D:2)
  4 ball pythons
  A bat (D:2)
  3 endoplasms (D:1)
  3 giant cockroaches
  3 goblins
  5 hobgoblins
  4 kobolds
  4 quokkas
  3 frilled lizards
34 creatures vanquished.

Notes
Turn   | Place    | Note
-------+----------+-------------------------------------------
     0 | D:1      | monsoonserge the Demonspawn Monk began the quest for the
                  | Orb.
     0 | D:1      | Reached XP level 1. HP: 18/18 MP: 1/1
   201 | D:1      | Gained mutation: You regenerate a little health from kills.
                  | [demonic ancestry]
   201 | D:1      | Reached XP level 2. HP: 18/24 MP: 2/2
   886 | D:2      | Gained mutation: You may rarely emit foul miasma when
                  | damaged in melee. [demonic ancestry]
   886 | D:2      | Reached XP level 3. HP: 13/29 MP: 3/3
  1375 | D:2      | Gained mutation: Your touch may inflict minor irresistible
                  | damage on your foes. [demonic ancestry]
  1375 | D:2      | Reached XP level 4. HP: 22/36 MP: 4/4
  1379 | D:2      | HP: 1/36 [gnoll/+0 whip (5)]
  1380 | D:2      | Slain by a gnoll

Illustrated notes

Levels and vault maps discovered:
D:1:      ebering_trefoil_3fold, layout_basic
D:2:      layout_loops_ring

Skill      XL: |  1  2 |
---------------+-------+-----
Long Blades    | 3 |  3.5
Dodging        | 3 |  3.2
Fighting       | |  3.6
Stealth        | |  0.1

Action                     |  1- 3 |  4- 6 || total
---------------------------+-------+-------++-------
  Melee: Falchion          |    82 |     5 ||    87
   Stab: Sleeping          |     1 |       ||     1
 Armour: Robe              |    10 |       ||    10
  Dodge: Dodged            |    48 |     2 ||    50
